Bacon, neutral female human Wizard . -. --- |.. -..---- .. --- ..*...-- .. -- |. -........| -..---.--.- ........ |.......... ...... -..........---G....- .... ..............| ... ...%....... -..-........| --.....%....| |...G@%.....| --...).------ |`.|.-- ----- Bacon the Thaumaturge Experience level: 6 Strength: 12 Dexterity: 17 Constitution: 12 Intelligence: 18 Wisdom: 12 Charisma: 8 Health: 0(49) Energy: 15(50) Def: 2 Gold: 608 Moves: 2943 Dungeon seed: CtyFXW9v-9DrdTXn Game ID: Bacon_1512343075 Your Inventory: Coins $ - 608 gold pieces Weapons a - a blessed +1 quarterstaff (weapon in hands) k - 10 uncursed +0 darts (in quiver) H - an uncursed corroded +0 dart Armor e - an uncursed +0 cloak of magic resistance (being worn) n - an uncursed +0 pair of gauntlets of dexterity (being worn) Comestibles z - an uncursed apple A - an uncursed partly eaten food ration C - an uncursed pancake G - 2 uncursed giant spider eggs I - 2 uncursed tripe rations J - an uncursed food ration Spellbooks f - a blessed spellbook of dig g - a blessed spellbook of remove curse F - an uncursed spellbook of protection Potions l - an uncursed potion of booze Wands b - an uncursed wand of striking (0:7) E - an uncursed wand of sleep (0:0) Tools h - an uncursed blindfold w - an uncursed magic whistle x - an uncursed leash D - an uncursed skeleton key Gems q - an uncursed obsidian stone r - an uncursed worthless piece of black glass y - 2 uncursed worthless pieces of white glass Spells and supernatural/magical abilities: Spells marked with '*' are forgotten. Spells marked with '!' are maintained. Spells marked with '#' are aliased with 'castalias'. Name Level Category Fail Memory a - force bolt 1 attack 0% 96% m - magic missile 2 attack 0% 100% W - pray for help -- divine ? -- Your skills at the end: Fighting Skills wands [Basic] Weapon Skills quarterstaff [Basic] dart [Basic] Spellcasting Skills attack spells [Skilled] enchantment spells [Basic] Final Attributes: You were magic resistant. You were telepathic. You were slow. You are dead. Vanquished creatures: a large mimic 3 small mimics a spotted jelly a leprechaun 2 gnome kings an orc shaman a rock piercer 3 gnome lords 2 gnomish wizards a kobold mummy 2 floating eyes 3 dwarves a homunculus 11 killer bees an acid blob a gas spore a hobbit 4 manes 8 giant rats 2 green molds 14 gnomes a gecko 5 jackals 4 kobolds 6 goblins 3 sewer rats 3 grid bugs 2 lichens a kobold zombie 5 newts 94 creatures vanquished. Voluntary challenges: You were an atheist. You used a wielded weapon 45 times, starting on turn 54. You read items or engraved 6 times, starting on turn 21. You never genocided any monsters. You never polymorphed an object. You never changed form. You used no wishes. You never split a pudding. You never wrote Elbereth's name. You never violated your personal moral code. Dungeon overview: The Dungeons of Doom: levels 1 to 4 Level 1 a fountain a long staircase Level 2 a sink, a vault Level 3 a general store Level 4 a general store, a vault stairs to The Gnomish Mines The Gnomish Mines: levels 5 to 7 Level 5 stairs to The Dungeons of Doom Level 6 Level 7 <- You were here History has recorded: On T:1 you entered the Dungeons of Doom to retrieve the Amulet of Yendor! On T:324 you advanced to experience level 2. On T:400 you reached level 2 of The Dungeons of Doom. On T:566 you advanced to experience level 3. On T:896 you reached level 3 of The Dungeons of Doom. On T:1192 you advanced to experience level 4. On T:1445 you reached level 4 of The Dungeons of Doom. On T:1780 you advanced to experience level 5. On T:1875 you reached level 1 of The Gnomish Mines. On T:2050 you advanced to experience level 6. On T:2499 you reached level 2 of The Gnomish Mines. On T:2921 you reached level 3 of The Gnomish Mines. Score breakdown: Gold: 608 ( 9472 points) Experience: 6 levels (12456 points) Exploration: 7 levels ( 13.73%) (10392 points) Discoveries: 11 items ( 3.70%) ( 5773 points) Valuables value: (no points given unless you survive) Artifact value: 0 ( 0 points) Variety of kills: 30 monsters ( 7.89%) ( 8429 points) Turncount: 2943 turns ( -571 points) Survival: died (score multiplied by 80%) Total score: 36760 Latest messages: The magic missile hits the gnome king! The gnome king is killed by the magic missile! The nasty weapon hurts the dwarf! The gnome wields a bow! The gnome throws a dart! The dart misses the gnomish wizard. You are hit by a dart. The golden haze around the gnomish wizard becomes less dense. The magic missile hits the gnome! The gnome shoots an arrow! You are hit by an arrow. Wizard, your life force is running out. The gnome escapes upstairs! The gnome throws a dart! The dart misses the gnomish wizard. You are hit by a dart. There are a few objects here. The gnome swings her bow at you. The gnome hits! You die... Final status: Goodbye Bacon the Wizard, killed by a gnome... You died in The Gnomish Mines on dungeon level 7 with 36760 points, and 608 pieces of gold, after 2943 moves. You were level 6 with a maximum of 49 hit points when you died.